 Dungeon Crawl Stone Soup version 0.26.0-45-g9c1d065592 (webtiles) character file.

Game seed: 17217230174415725640

113 thiole the Sneak (level 4, 0/27 HPs)
             Began as an Octopode Hedge Wizard on Jan 27, 2021.
             Slain by an orc wizard
             ... wielding a +0 dagger
              (4 damage)
             ... on level 2 of the Dungeon.
             The game lasted 00:01:54 (2356 turns).

thiole the Sneak (Octopode Hedge Wizard)            Turns: 2356, Time: 00:01:54

Health: 0/27       AC:  1    Str:  9    XL:     4   Next: 96%
Magic:  1/9        EV: 13    Int: 17    God:
Gold:   69         SH:  0    Dex: 11    Spells: 2/10 levels left

rFire    . . .     SeeInvis .   a - +0 dagger
rCold    . . .     Faith    .   (no shield)
rNeg     . . .     Spirit   .   b - +0 hat
rPois    .         Reflect  .   (no amulet)
rElec    .         Harm     .   (no ring)
rCorr    .         Rampage  .   (no ring)
Will     .....                  (no ring)
Stlth    +++.......             (no ring)
HPRegen  0.09/turn              (no ring)
MPRegen  0.11/turn              (no ring)
                                (no ring)
                                (no ring)

@: no status effects
A: almost no armour, stealthy swim, amphibious, 8 rings, constrict 8, camouflage
1, gelatinous body 1
a: no special abilities


You were on level 2 of the Dungeon.
You visited 1 branch of the dungeon, and saw 2 of its levels.

You collected 69 gold pieces.

Inventory:

Hand Weapons
 a - a +0 dagger (weapon)
Missiles
 p - 56 stones
 q - 28 sling bullets
Armour
 b - a +0 hat (worn)
Scrolls
 e - a scroll of noise {unknown}
 g - 4 scrolls of identify {unknown}
 j - 3 scrolls of teleportation {unknown}
 m - 2 scrolls of immolation {unknown}
 o - a scroll of remove curse {unknown}
 r - a scroll of enchant armour {unknown}
Potions
 c - 3 potions of curing {unknown}
 d - 2 potions of attraction {unknown}
 f - 2 potions of degeneration {unknown}
 h - 3 potions of flight {unknown}
 i - a potion of might {unknown}
 k - a potion of invisibility {unknown}
 l - a potion of heal wounds {unknown}
 n - a potion of haste {unknown}


   Skills:
 - Level 2.0 Dodging
 * Level 4.3 Stealth
 + Level 3.6 Spellcasting
 - Level 2.0 Conjurations
 - Level 2.0 Summonings
 - Level 1.0 Translocations
 + Level 0.6 Air Magic
 + Level 1.0 Poison Magic


You had 2 spell levels left.
You knew the following spells:

 Your Spells              Type           Power        Failure   Level
a - Magic Dart            Conj           36%          7%          1
b - Call Imp              Summ           9%           11%         2
c - Blink                 Tloc           N/A          16%         2
d - Mephitic Cloud        Conj/Pois/Air  7%           30%         3

Your spell library contained the following spells:

 Spells                   Type           Power        Failure   Level
 Slow                     Hex            3%           24%         2
 Conjure Flame            Conj/Fire      6%           32%         3


Dungeon Overview and Level Annotations

Branches:
Dungeon (2/15)

Altars:


Innate Abilities, Weirdness & Mutations

You cannot wear most types of armour.
You are very stealthy in the water. (Stealth+)
You are amphibious.
You can wear up to eight rings at the same time.
You can use your tentacles to constrict eight enemies at once.
Your skin changes colour to match your surroundings (Stealth+).
Your rubbery body absorbs attacks. (AC +1, EV +1)


Message History

* * * LOW HITPOINT WARNING * * *
You hit the orc wizard.
The orc wizard is moderately wounded.
You constrict the orc wizard. The orc wizard misses you.
You hit the orc wizard but do no damage.
You squeeze the orc wizard.
The orc wizard is severely wounded.
You constrict the orc wizard.
The orc wizard hits you with a +0 dagger.
* * * LOW HITPOINT WARNING * * *
Casting: Magic Dart (safe; 7% risk of failure)
Confirm with . or Enter, or press ? or * to list all spells.
Aiming: Magic Dart (safe; 7% risk of failure)
Press: ? - help, Shift-Dir - straight line, f - orc wizard
Aim: an orc wizard, wielding a +0 dagger and wearing a +0 robe (severely wounded, constricted by you, 0% to evade)
The magic dart hits the orc wizard.
The orc wizard is almost dead.
You constrict the orc wizard.
The orc wizard hits you with a +0 dagger.
You die...

#.#.# #...........# # #.#.#
#...........#
###...####...........####.#
'........'...........'....#
####.)####...........########
# #.>...+...........'.......
# #######........[..########
#......o....'......#
#......@....######.#
#.....)#+#.......#
######.#<...#..#.#
#.#.##.#..# #.#. ..# ## #.#
... #. #### #.


You could see an orc wizard.

Vanquished Creatures
  An orc wizard (D:2)
  A gnoll (D:1)
  2 adders (D:2)
  An ooze (D:1)
  2 dart slugs (D:1)
  3 leopard geckos
  An orc (D:2)
  A ball python (D:1)
  3 giant cockroaches
  8 goblins
  8 hobgoblins
  4 bats
  A frilled lizard (D:1)
  3 kobolds
  5 rats
44 creatures vanquished.

Notes
Turn   | Place    | Note
-------+----------+-------------------------------------------
     0 | D:1      | thiole the Octopode Hedge Wizard began the quest for the
                  | Orb.
     0 | D:1      | Reached XP level 1. HP: 11/11 MP: 4/4
   135 | D:1      | Reached XP level 2. HP: 17/17 MP: 4/6
   308 | D:1      | Reached skill level 3 in Stealth
   472 | D:1      | Reached XP level 3. HP: 21/21 MP: 3/7
  1383 | D:1      | You fall into a shaft and drop 1 floor!
  1579 | D:2      | Reached XP level 4. HP: 18/27 MP: 4/9
  1732 | D:2      | Learned a level 2 spell: Call Imp
  1735 | D:2      | Learned a level 2 spell: Blink
  1739 | D:2      | Learned a level 3 spell: Mephitic Cloud
  2264 | D:2      | Reached skill level 4 in Stealth
  2349 | D:2      | Reached skill level 1 in Poison Magic
  2356 | D:2      | Slain by an orc wizard

Illustrated notes

Levels and vault maps discovered:
D:1:      dpeg_arrival_radiant, layout_basic, minmay_cut_off
D:2:      layout_basic

Skill      XL: |  1  2  3  4 |
---------------+-------------+-----
Stealth        | 3 4 |  4.3
Conjurations   | 2 |  2.0
Summonings     | 2 |  2.0
Poison Magic   | 1 |  1.0
Dodging        | |  2.0
Spellcasting   | |  3.6
Translocations | |  1.0
Air Magic      | |  0.6

Action                   |  1- 3 |  4- 6 || total
-------------------------+-------+-------++-------
Melee: Dagger            |    32 |    16 ||    48
       Constrict         |     7 |     5 ||    12
       Tentacles         |     4 |     3 ||     7
 Cast: Magic Dart        |    67 |    41 ||   108
 Stab: Distracted        |     1 |       ||     1
Armor: Skin              |     3 |     1 ||     4
Dodge: Dodged            |    17 |    14 ||    31
